[ PARTIDA AOE2 · #458609927 ]
Team RMFrancos vs Vikings
[ ANÁLISIS DE REPETICIÓN · EXTRAÍDO DE LA PARTIDA GRABADA ]
Feudal
11:54
Castillos
20:28
Imperial
37:55
| APM promedio | 32.4 |
| APM pico | 59 |
| eAPM promedio | 19.4 |
| Aldeanos / militares | 64 / 104 |
Foco
⚔️ 36.2% · 🌾 63.8%
Throwing Axeman ×22 · Fire Galley ×21 · Knight ×19 · Fishing Ship ×16 · Spearman ×16 · Transport Ship ×7
Feudal
13:28
Castillos
19:21
Imperial
32:47
| APM promedio | 53.1 |
| APM pico | 78 |
| eAPM promedio | 27.7 |
| Aldeanos / militares | 96 / 143 |
Foco
⚔️ 29.1% · 🌾 70.9%
Longboat ×64 · Berserk ×56 · Fishing Ship ×14 · Trebuchet (Packed) ×9 · Galley ×8 · Unknown (2626) ×6
Feudal
12:29
Castillos
19:53
Imperial
39:49
| APM promedio | 44.4 |
| APM pico | 84 |
| eAPM promedio | 22.1 |
| Aldeanos / militares | 95 / 51 |
Foco
⚔️ 12.5% · 🌾 87.5%
Galley ×12 · Fire Galley ×11 · Transport Ship ×10 · Spearman ×8 · Fishing Ship ×6 · Shotel Warrior ×5
Feudal
10:38
Castillos
24:55
Imperial
55:38
| APM promedio | 50.6 |
| APM pico | 85 |
| eAPM promedio | 31.7 |
| Aldeanos / militares | 174 / 82 |
Foco
⚔️ 16.7% · 🌾 83.3%
Fire Galley ×29 · Fishing Ship ×19 · Galley ×19 · Organ Gun ×18 · Trade Cog ×17 · Unknown (2626) ×13
Mapa de la partida
Recursos al inicio + cada clic de construcción. Línea gruesa = muro · recuadro discontinuo = muro de casas detectado. 🟡 oro · ⚪ piedra · 🟢 bayas · 🔶 jabalí · ⭕ reliquia
Tu base· ✓ Cerrada en 20:28 · 0t muro
Base de The Walrus· ✓ Cerrada en 19:21 · 0t muro
Base de Hamtaro· ✓ Cerrada en 19:53 · 0t muro
Base de Reis_Magos· ✓ Cerrada en 24:55 · 0t muro
Terreno con relieve · ⚠ = hueco de muro detectado · pasá el cursor para detalles
Inputs por minuto
— LORD of the Peasants - - The Walrus
Build order — LORD of the Peasants
Primeras 150 de 302 acciones detectadas
| 0:01 | Crear | Villager (Male) |
| 0:02 | Crear | Villager (Male) |
| 0:02 | Crear | Villager (Male) |
| 0:03 | Construir | House |
| 0:04 | Crear | Villager (Male) |
| 0:05 | Construir | House |
| 1:20 | Crear | Villager (Male) |
| 2:02 | Construir | Dock |
| 2:09 | Crear | Villager (Male) |
| 2:23 | Crear | Villager (Male) |
| 3:16 | Crear | Villager (Male) |
| 3:53 | Construir | House |
| 3:58 | Crear | Villager (Male) |
| 3:58 | Crear | Villager (Male) |
| 4:05 | Crear | Fishing Ship |
| 4:22 | Crear | Villager (Male) |
| 5:00 | Construir | Lumber Camp |
| 5:01 | Crear | Villager (Male) |
| 5:30 | Construir | House |
| 5:47 | Crear | Villager (Male) |
| 5:56 | Crear | Fishing Ship |
| 6:08 | Crear | Villager (Male) |
| 6:19 | Crear | Fishing Ship |
| 6:39 | Crear | Fishing Ship |
| 7:02 | Crear | Villager (Male) |
| 7:03 | Crear | Villager (Male) |
| 7:16 | Crear | Fishing Ship |
| 7:20 | Construir | House |
| 7:26 | Construir | House |
| 7:59 | Crear | Villager (Male) |
| 8:00 | Crear | Villager (Male) |
| 8:08 | Construir | Mill |
| 8:15 | Crear | Fishing Ship |
| 8:43 | Crear | Fishing Ship |
| 9:19 | Crear | Villager (Male) |
| 9:21 | Crear | Fishing Ship |
| 9:36 | Investigar | Feudal Age |
| 9:59 | Construir | Mining Camp |
| 10:33 | Crear | Villager (Male) |
| 10:41 | Construir | House |
| 10:47 | Construir | Lumber Camp |
| 11:44 | Construir | Dock |
| 11:54 | Edad | Edad Feudal |
| 11:57 | Crear | Villager (Male) |
| 11:57 | Crear | Villager (Male) |
| 12:04 | Investigar | Double-Bit Axe |
| 12:14 | Crear | Unit 2626 |
| 12:26 | Crear | Demolition Raft |
| 12:37 | Crear | Villager (Male) |
| 12:38 | Crear | Villager (Male) |
| 12:50 | Crear | Unit 2626 |
| 13:03 | Crear | Fire Galley |
| 13:05 | Crear | Unit 2626 |
| 13:08 | Crear | Villager (Male) |
| 13:12 | Construir | Farm |
| 13:13 | Crear | Villager (Male) |
| 13:48 | Construir | House |
| 13:51 | Construir | House |
| 13:52 | Construir | House |
| 13:53 | Construir | House |
| 13:58 | Investigar | Gold Mining |
| 14:13 | Investigar | Tech 906 |
| 14:14 | Crear | Fishing Ship |
| 14:39 | Crear | Fire Galley |
| 14:48 | Crear | Fire Galley |
| 14:51 | Crear | Fire Galley |
| 15:00 | Construir | Mining Camp |
| 15:01 | Crear | Villager (Male) |
| 15:01 | Crear | Villager (Male) |
| 15:02 | Crear | Villager (Male) |
| 16:18 | Crear | Demolition Raft |
| 16:20 | Crear | Demolition Raft |
| 16:22 | Crear | Unit 2626 |
| 16:26 | Crear | Villager (Male) |
| 16:27 | Crear | Villager (Male) |
| 16:31 | Construir | Farm |
| 16:33 | Construir | Farm |
| 16:34 | Construir | Farm |
| 16:35 | Construir | Farm |
| 17:03 | Construir | Blacksmith |
| 17:10 | Construir | Market |
| 17:41 | Crear | Fishing Ship |
| 17:46 | Crear | Fire Galley |
| 17:48 | Investigar | Castle Age |
| 19:23 | Crear | Fire Galley |
| 19:28 | Crear | Fire Galley |
| 19:44 | Crear | Fire Galley |
| 19:54 | Construir | Mining Camp |
| 19:57 | Crear | Villager (Male) |
| 19:57 | Crear | Villager (Male) |
| 20:19 | Crear | Fire Galley |
| 20:23 | Construir | Dock |
| 20:24 | Crear | Villager (Male) |
| 20:25 | Crear | Villager (Male) |
| 20:25 | Crear | Villager (Male) |
| 20:28 | Edad | Edad de los Castillos |
| 20:32 | Construir | Town Center |
| 20:37 | Crear | Villager (Male) |
| 21:05 | Investigar | War Galley (upgrade) |
| 21:22 | Crear | Fire Galley |
| 21:40 | Crear | Fire Galley |
| 21:42 | Crear | Fire Galley |
| 21:44 | Crear | Villager (Male) |
| 21:45 | Crear | Villager (Male) |
| 22:16 | Crear | Fishing Ship |
| 22:17 | Crear | Fishing Ship |
| 22:17 | Crear | Fishing Ship |
| 22:17 | Crear | Fishing Ship |
| 22:36 | Crear | Villager (Male) |
| 22:39 | Construir | Farm |
| 22:40 | Construir | Farm |
| 22:41 | Construir | Farm |
| 23:07 | Crear | Fishing Ship |
| 23:07 | Crear | Fishing Ship |
| 23:59 | Crear | Fire Galley |
| 23:59 | Crear | Fire Galley |
| 24:23 | Crear | Villager (Male) |
| 24:23 | Crear | Villager (Male) |
| 24:24 | Crear | Villager (Male) |
| 24:26 | Crear | Villager (Male) |
| 24:26 | Crear | Villager (Male) |
| 24:39 | Crear | Fire Galley |
| 24:39 | Crear | Fire Galley |
| 25:08 | Crear | Transport Ship |
| 25:11 | Construir | House |
| 25:14 | Investigar | Gold Shaft Mining |
| 25:15 | Investigar | Stone Mining |
| 25:18 | Construir | Mining Camp |
| 25:28 | Investigar | Bow Saw |
| 25:34 | Investigar | Town Watch |
| 25:35 | Investigar | Wheelbarrow |
| 25:36 | Crear | Villager (Male) |
| 25:36 | Crear | Villager (Male) |
| 25:40 | Construir | Farm |
| 25:41 | Construir | Farm |
| 25:42 | Construir | Farm |
| 25:43 | Construir | Farm |
| 26:04 | Crear | Fire Galley |
| 27:01 | Construir | House |
| 27:01 | Construir | House |
| 27:02 | Construir | House |
| 27:03 | Construir | House |
| 27:59 | Crear | Fire Galley |
| 28:00 | Crear | Fire Galley |
| 28:00 | Crear | Fire Galley |
| 28:31 | Crear | Fire Galley |
| 28:38 | Crear | Villager (Male) |
| 28:38 | Crear | Villager (Male) |
| 29:25 | Investigar | Scale Barding Armor |
| 29:25 | Investigar | Forging |
Build order — The Walrus
Primeras 150 de 407 acciones detectadas
| 0:00 | Crear | Villager (Male) |
| 0:01 | Crear | Villager (Male) |
| 0:01 | Crear | Villager (Male) |
| 0:01 | Crear | Villager (Male) |
| 0:03 | Construir | House |
| 0:04 | Construir | House |
| 1:45 | Crear | Villager (Male) |
| 1:45 | Crear | Villager (Male) |
| 1:47 | Crear | Villager (Male) |
| 2:03 | Crear | Villager (Male) |
| 2:41 | Construir | Lumber Camp |
| 2:43 | Crear | Villager (Male) |
| 3:13 | Crear | Villager (Male) |
| 3:14 | Crear | Villager (Male) |
| 4:07 | Crear | Villager (Male) |
| 4:20 | Construir | Dock |
| 4:35 | Construir | House |
| 4:48 | Crear | Villager (Male) |
| 5:13 | Crear | Fishing Ship |
| 5:18 | Crear | Villager (Male) |
| 5:28 | Crear | Villager (Male) |
| 5:28 | Crear | Villager (Male) |
| 6:13 | Crear | Villager (Male) |
| 6:14 | Crear | Villager (Male) |
| 6:15 | Crear | Fishing Ship |
| 6:23 | Construir | House |
| 6:53 | Construir | House |
| 7:18 | Crear | Villager (Male) |
| 7:18 | Crear | Villager (Male) |
| 7:34 | Crear | Fishing Ship |
| 8:15 | Crear | Villager (Male) |
| 8:20 | Crear | Fishing Ship |
| 8:24 | Crear | Villager (Male) |
| 8:28 | Construir | House |
| 8:44 | Construir | Lumber Camp |
| 9:05 | Crear | Fishing Ship |
| 9:05 | Crear | Fishing Ship |
| 9:14 | Crear | Villager (Male) |
| 9:15 | Crear | Villager (Male) |
| 9:31 | Crear | Fishing Ship |
| 9:49 | Crear | Villager (Male) |
| 9:59 | Construir | Dock |
| 10:23 | Crear | Fishing Ship |
| 10:38 | Construir | Mill |
| 10:42 | Crear | Villager (Male) |
| 10:42 | Crear | Villager (Male) |
| 10:48 | Construir | House |
| 10:51 | Investigar | Loom |
| 10:54 | Crear | Fishing Ship |
| 10:54 | Crear | Fishing Ship |
| 10:59 | Construir | House |
| 11:02 | Crear | Fishing Ship |
| 11:18 | Investigar | Feudal Age |
| 11:23 | Construir | Mining Camp |
| 11:27 | Crear | Fishing Ship |
| 11:40 | Construir | Dock |
| 11:55 | Crear | Villager (Male) |
| 11:55 | Crear | Villager (Male) |
| 12:09 | Construir | Farm |
| 12:13 | Construir | Farm |
| 12:18 | Construir | Lumber Camp |
| 13:03 | Crear | Fishing Ship |
| 13:03 | Crear | Fishing Ship |
| 13:28 | Edad | Edad Feudal |
| 13:30 | Investigar | Double-Bit Axe |
| 13:40 | Crear | Unit 2626 |
| 13:40 | Crear | Unit 2626 |
| 13:40 | Crear | Unit 2626 |
| 13:58 | Crear | Villager (Male) |
| 13:58 | Crear | Villager (Male) |
| 13:59 | Crear | Villager (Male) |
| 13:59 | Crear | Villager (Male) |
| 14:25 | Construir | House |
| 14:26 | Construir | House |
| 14:29 | Investigar | Town Watch |
| 14:37 | Construir | Dock |
| 14:45 | Crear | Galley |
| 14:47 | Crear | Galley |
| 14:50 | Crear | Galley |
| 14:50 | Crear | Galley |
| 14:59 | Crear | Villager (Male) |
| 15:00 | Crear | Villager (Male) |
| 15:00 | Crear | Villager (Male) |
| 15:00 | Crear | Villager (Male) |
| 15:22 | Construir | Market |
| 15:25 | Crear | Villager (Male) |
| 15:25 | Crear | Villager (Male) |
| 15:26 | Crear | Villager (Male) |
| 16:04 | Construir | Blacksmith |
| 16:22 | Construir | Farm |
| 16:41 | Investigar | Castle Age |
| 16:46 | Construir | House |
| 16:47 | Construir | House |
| 17:05 | Crear | Unit 2626 |
| 17:05 | Crear | Unit 2626 |
| 17:53 | Crear | Unit 2626 |
| 18:08 | Construir | Dock |
| 18:37 | Construir | Mining Camp |
| 19:21 | Edad | Edad de los Castillos |
| 19:28 | Crear | Longboat |
| 19:28 | Crear | Longboat |
| 19:29 | Crear | Longboat |
| 19:29 | Crear | Longboat |
| 19:29 | Crear | Longboat |
| 19:29 | Crear | Longboat |
| 19:30 | Crear | Longboat |
| 19:31 | Crear | Longboat |
| 19:31 | Crear | Longboat |
| 19:31 | Crear | Longboat |
| 19:50 | Crear | Villager (Male) |
| 19:51 | Crear | Villager (Male) |
| 19:51 | Crear | Villager (Male) |
| 19:52 | Crear | Villager (Male) |
| 19:52 | Crear | Villager (Male) |
| 19:52 | Crear | Villager (Male) |
| 19:57 | Investigar | Fletching |
| 20:03 | Crear | Galley |
| 20:03 | Crear | Galley |
| 20:03 | Crear | Galley |
| 20:03 | Crear | Galley |
| 20:15 | Crear | Longboat |
| 20:17 | Crear | Longboat |
| 20:22 | Crear | Longboat |
| 20:27 | Construir | House |
| 20:32 | Construir | House |
| 21:06 | Construir | Mining Camp |
| 21:20 | Crear | Longboat |
| 21:20 | Crear | Longboat |
| 21:20 | Crear | Longboat |
| 22:14 | Crear | Longboat |
| 22:14 | Crear | Longboat |
| 22:15 | Crear | Longboat |
| 22:15 | Crear | Longboat |
| 22:20 | Investigar | Bodkin Arrow |
| 22:22 | Crear | Villager (Male) |
| 22:22 | Crear | Villager (Male) |
| 22:23 | Crear | Villager (Male) |
| 22:23 | Crear | Villager (Male) |
| 22:24 | Crear | Villager (Male) |
| 22:24 | Crear | Villager (Male) |
| 22:24 | Crear | Villager (Male) |
| 22:49 | Construir | House |
| 22:49 | Construir | House |
| 22:50 | Construir | House |
| 22:56 | Crear | Longboat |
| 22:56 | Crear | Longboat |
| 23:40 | Crear | Transport Ship |
| 23:43 | Crear | Transport Ship |
| 24:11 | Crear | Villager (Male) |
| 24:11 | Crear | Villager (Male) |
Build order — Hamtaro
Primeras 150 de 237 acciones detectadas
| 0:03 | Crear | Villager (Male) |
| 0:03 | Crear | Villager (Male) |
| 0:04 | Crear | Villager (Male) |
| 0:04 | Crear | Villager (Male) |
| 0:05 | Construir | House |
| 0:08 | Construir | House |
| 1:51 | Construir | Lumber Camp |
| 1:57 | Construir | Mill |
| 1:59 | Crear | Villager (Male) |
| 2:14 | Crear | Villager (Male) |
| 2:24 | Crear | Villager (Male) |
| 3:07 | Crear | Villager (Male) |
| 3:28 | Crear | Villager (Male) |
| 3:46 | Crear | Villager (Male) |
| 3:58 | Crear | Villager (Male) |
| 4:14 | Construir | Lumber Camp |
| 4:39 | Crear | Villager (Male) |
| 4:52 | Crear | Villager (Male) |
| 4:58 | Construir | House |
| 5:18 | Construir | House |
| 5:42 | Crear | Villager (Male) |
| 5:51 | Crear | Villager (Male) |
| 5:57 | Crear | Villager (Male) |
| 5:57 | Crear | Villager (Male) |
| 6:48 | Crear | Villager (Male) |
| 7:08 | Construir | Dock |
| 7:14 | Crear | Villager (Male) |
| 7:26 | Crear | Villager (Male) |
| 7:34 | Construir | Lumber Camp |
| 7:37 | Crear | Villager (Male) |
| 7:42 | Crear | Villager (Male) |
| 7:54 | Crear | Villager (Male) |
| 8:04 | Construir | House |
| 8:05 | Construir | House |
| 8:18 | Crear | Fishing Ship |
| 8:38 | Crear | Fishing Ship |
| 8:47 | Construir | House |
| 8:48 | Construir | House |
| 9:04 | Crear | Villager (Male) |
| 9:15 | Crear | Villager (Male) |
| 9:25 | Crear | Fishing Ship |
| 9:55 | Crear | Fishing Ship |
| 10:19 | Investigar | Feudal Age |
| 10:22 | Crear | Fishing Ship |
| 10:34 | Construir | Dock |
| 10:41 | Crear | Villager (Male) |
| 11:00 | Crear | Transport Ship |
| 11:24 | Construir | Mining Camp |
| 11:47 | Crear | Fishing Ship |
| 11:54 | Construir | House |
| 11:55 | Construir | House |
| 11:55 | Construir | House |
| 11:59 | Construir | House |
| 12:29 | Edad | Edad Feudal |
| 12:32 | Crear | Villager (Male) |
| 12:41 | Construir | Market |
| 13:06 | Crear | Villager (Male) |
| 13:19 | Crear | Demolition Raft |
| 13:22 | Construir | Farm |
| 13:23 | Crear | Villager (Male) |
| 13:27 | Crear | Villager (Male) |
| 13:33 | Investigar | Double-Bit Axe |
| 13:39 | Crear | Fire Galley |
| 13:58 | Crear | Villager (Male) |
| 14:02 | Crear | Villager (Male) |
| 14:09 | Construir | Lumber Camp |
| 14:12 | Crear | Villager (Male) |
| 14:52 | Crear | Fire Galley |
| 14:52 | Crear | Fire Galley |
| 15:03 | Crear | Fire Galley |
| 15:04 | Crear | Fire Galley |
| 15:09 | Crear | Villager (Male) |
| 15:17 | Construir | Outpost |
| 15:31 | Crear | Villager (Male) |
| 15:43 | Construir | Barracks |
| 16:09 | Crear | Fire Galley |
| 16:43 | Construir | Farm |
| 16:51 | Construir | Blacksmith |
| 16:57 | Construir | Farm |
| 16:58 | Construir | Farm |
| 16:59 | Construir | Farm |
| 17:01 | Construir | Farm |
| 17:03 | Construir | Farm |
| 17:13 | Investigar | Castle Age |
| 17:35 | Crear | Trade Cog |
| 17:42 | Crear | Fire Galley |
| 18:00 | Investigar | Fletching |
| 18:30 | Crear | Galley |
| 18:30 | Crear | Galley |
| 18:46 | Crear | Villager (Male) |
| 18:54 | Construir | Farm |
| 18:54 | Construir | Farm |
| 18:56 | Construir | Farm |
| 18:57 | Crear | Villager (Male) |
| 18:58 | Crear | Villager (Male) |
| 19:35 | Crear | Galley |
| 19:35 | Crear | Galley |
| 19:44 | Crear | Galley |
| 19:53 | Edad | Edad de los Castillos |
| 20:04 | Crear | Villager (Male) |
| 20:05 | Crear | Villager (Male) |
| 20:19 | Investigar | Loom |
| 20:38 | Investigar | War Galley (upgrade) |
| 20:42 | Crear | Galley |
| 20:42 | Crear | Galley |
| 21:22 | Crear | Villager (Male) |
| 21:37 | Investigar | Bodkin Arrow |
| 21:38 | Investigar | Padded Archer Armor |
| 22:09 | Crear | Galley |
| 22:10 | Crear | Galley |
| 22:10 | Crear | Galley |
| 23:04 | Construir | Market |
| 23:15 | Crear | Transport Ship |
| 23:18 | Crear | Fire Galley |
| 23:18 | Crear | Fire Galley |
| 23:22 | Crear | Fire Galley |
| 23:31 | Crear | Villager (Male) |
| 24:27 | Crear | Galley |
| 24:27 | Crear | Fire Galley |
| 24:38 | Crear | Galley |
| 24:51 | Crear | Villager (Male) |
| 24:51 | Crear | Villager (Male) |
| 24:52 | Crear | Villager (Male) |
| 25:11 | Construir | Dock |
| 25:13 | Crear | Villager (Male) |
| 25:14 | Crear | Villager (Male) |
| 25:14 | Crear | Villager (Male) |
| 25:49 | Crear | Demolition Raft |
| 25:51 | Crear | Transport Ship |
| 28:08 | Crear | Villager (Male) |
| 28:08 | Crear | Villager (Male) |
| 28:47 | Construir | Castle |
| 28:52 | Construir | Barracks |
| 29:20 | Crear | Transport Ship |
| 29:22 | Crear | Villager (Male) |
| 29:23 | Crear | Villager (Male) |
| 29:23 | Crear | Villager (Male) |
| 29:24 | Crear | Villager (Male) |
| 29:30 | Construir | Farm |
| 29:32 | Construir | Farm |
| 29:33 | Construir | Farm |
| 29:35 | Construir | Farm |
| 30:49 | Construir | Dock |
| 31:00 | Construir | Town Center |
| 31:08 | Crear | Villager (Male) |
| 31:20 | Construir | Lumber Camp |
| 31:40 | Construir | Castle |
| 31:55 | Construir | Castle |
| 32:26 | Investigar | Tech 905 |
| 32:29 | Crear | Transport Ship |
Build order — Reis_Magos
Primeras 150 de 484 acciones detectadas
| 0:02 | Crear | Villager (Male) |
| 0:02 | Crear | Villager (Male) |
| 0:02 | Crear | Villager (Male) |
| 0:05 | Construir | House |
| 0:07 | Construir | House |
| 0:20 | Crear | Villager (Male) |
| 1:30 | Crear | Villager (Male) |
| 1:48 | Construir | Lumber Camp |
| 1:59 | Crear | Villager (Male) |
| 2:29 | Crear | Villager (Male) |
| 2:58 | Crear | Villager (Male) |
| 2:58 | Crear | Villager (Male) |
| 3:36 | Crear | Villager (Male) |
| 3:50 | Construir | House |
| 4:06 | Crear | Villager (Male) |
| 4:21 | Crear | Villager (Male) |
| 4:39 | Crear | Villager (Male) |
| 4:40 | Crear | Villager (Male) |
| 5:08 | Construir | Dock |
| 5:14 | Crear | Villager (Male) |
| 5:50 | Construir | House |
| 6:04 | Crear | Villager (Male) |
| 6:08 | Crear | Fishing Ship |
| 6:23 | Investigar | Loom |
| 6:25 | Crear | Villager (Male) |
| 6:32 | Crear | Fishing Ship |
| 6:36 | Construir | House |
| 7:05 | Crear | Villager (Male) |
| 7:10 | Crear | Fishing Ship |
| 7:16 | Construir | House |
| 7:32 | Crear | Villager (Male) |
| 7:47 | Crear | Villager (Male) |
| 7:56 | Crear | Fishing Ship |
| 8:28 | Investigar | Feudal Age |
| 8:39 | Construir | Lumber Camp |
| 9:59 | Construir | Mining Camp |
| 10:14 | Construir | Mill |
| 10:16 | Crear | Villager (Male) |
| 10:17 | Crear | Villager (Male) |
| 10:24 | Crear | Fishing Ship |
| 10:24 | Crear | Fishing Ship |
| 10:29 | Crear | Villager (Male) |
| 10:38 | Edad | Edad Feudal |
| 11:17 | Construir | Dock |
| 11:21 | Construir | Dock |
| 11:33 | Crear | Villager (Male) |
| 11:41 | Crear | Fishing Ship |
| 11:43 | Crear | Villager (Male) |
| 12:01 | Crear | Fishing Ship |
| 12:07 | Crear | Villager (Male) |
| 12:07 | Crear | Villager (Male) |
| 12:27 | Construir | House |
| 12:28 | Construir | House |
| 12:28 | Construir | House |
| 12:29 | Construir | House |
| 12:41 | Construir | House |
| 12:42 | Construir | House |
| 12:42 | Construir | House |
| 12:42 | Construir | House |
| 12:43 | Construir | House |
| 12:51 | Crear | Galley ×5 |
| 12:52 | Crear | Galley ×5 |
| 13:01 | Construir | House |
| 13:02 | Construir | House |
| 13:21 | Construir | House |
| 13:21 | Construir | House |
| 13:22 | Construir | House |
| 13:22 | Construir | House |
| 13:23 | Construir | House |
| 13:44 | Crear | Villager (Male) |
| 13:53 | Crear | Villager (Male) |
| 13:55 | Construir | House |
| 14:26 | Crear | Galley ×2 |
| 14:28 | Crear | Villager (Male) |
| 14:28 | Crear | Villager (Male) |
| 14:51 | Crear | Fire Galley ×2 |
| 14:53 | Crear | Villager (Male) |
| 14:53 | Crear | Villager (Male) |
| 15:32 | Crear | Unit 2626 ×2 |
| 15:59 | Crear | Unit 2626 ×2 |
| 16:12 | Construir | House |
| 16:14 | Construir | House |
| 16:15 | Crear | Villager (Male) |
| 16:15 | Crear | Villager (Male) |
| 16:16 | Crear | Villager (Male) |
| 16:25 | Crear | Villager (Male) |
| 16:26 | Crear | Villager (Male) |
| 16:27 | Construir | House |
| 16:28 | Construir | House |
| 16:37 | Investigar | Double-Bit Axe |
| 16:45 | Crear | Galley |
| 17:08 | Crear | Fire Galley ×2 |
| 17:49 | Construir | Farm |
| 17:54 | Construir | Farm |
| 17:55 | Construir | Farm |
| 17:56 | Construir | Farm |
| 17:57 | Construir | Farm |
| 18:10 | Crear | Fishing Ship |
| 18:11 | Crear | Fishing Ship |
| 18:11 | Crear | Fishing Ship |
| 19:04 | Crear | Fishing Ship |
| 19:05 | Crear | Fishing Ship |
| 19:05 | Crear | Fishing Ship |
| 19:37 | Crear | Galley |
| 19:38 | Crear | Galley |
| 19:38 | Crear | Galley |
| 19:38 | Crear | Galley |
| 19:54 | Crear | Villager (Male) |
| 19:55 | Crear | Villager (Male) |
| 20:16 | Construir | Market |
| 20:56 | Construir | Blacksmith |
| 21:42 | Crear | Fishing Ship |
| 21:43 | Crear | Fishing Ship |
| 21:43 | Crear | Fishing Ship |
| 21:43 | Crear | Fishing Ship |
| 21:43 | Crear | Fishing Ship |
| 22:15 | Investigar | Castle Age |
| 22:16 | Investigar | Castle Age |
| 22:20 | Construir | Dock |
| 22:44 | Crear | Trade Cog |
| 22:44 | Crear | Trade Cog |
| 22:58 | Construir | Lumber Camp |
| 23:01 | Investigar | Gold Mining |
| 23:22 | Construir | Dock |
| 23:53 | Crear | Galley |
| 23:54 | Crear | Galley |
| 24:01 | Crear | Fire Galley |
| 24:01 | Crear | Fire Galley |
| 24:02 | Crear | Fire Galley |
| 24:34 | Construir | House |
| 24:35 | Construir | House |
| 24:35 | Construir | House |
| 24:41 | Construir | Dock |
| 24:55 | Edad | Edad de los Castillos |
| 25:00 | Investigar | War Galley (upgrade) |
| 25:04 | Crear | Caravel |
| 25:22 | Crear | Villager (Male) |
| 25:23 | Crear | Villager (Male) |
| 25:23 | Crear | Villager (Male) |
| 25:23 | Crear | Villager (Male) |
| 25:24 | Crear | Villager (Male) |
| 25:24 | Crear | Villager (Male) |
| 25:24 | Crear | Villager (Male) |
| 25:26 | Investigar | Bow Saw |
| 25:44 | Crear | Caravel ×2 |
| 26:04 | Crear | Caravel ×2 |
| 26:06 | Crear | Villager (Male) |
| 26:07 | Crear | Villager (Male) |
| 26:07 | Crear | Villager (Male) |
| 26:30 | Construir | University |
Cronología de la partida
| 2:02 | LORD of the Peasants · first_building Dock |
| 4:20 | The Walrus · first_building Dock |
| 5:08 | Reis_Magos · first_building Dock |
| 7:08 | Hamtaro · first_building Dock |
| 10:38 | Reis_Magos · age_up feudal |
| 11:54 | LORD of the Peasants · age_up feudal |
| 12:29 | Hamtaro · age_up feudal |
| 13:28 | The Walrus · age_up feudal |
| 15:43 | Hamtaro · first_building Barracks |
| 16:39 | The Walrus · first_market_sell 100 food |
| 19:21 | The Walrus · age_up castle |
| 19:53 | Hamtaro · age_up castle |
| 20:28 | LORD of the Peasants · age_up castle |
| 24:55 | Reis_Magos · age_up castle |
| 25:08 | Hamtaro · first_market_buy 100 wood |
| 26:06 | The Walrus · first_market_buy 100 wood |
| 28:24 | The Walrus · first_building Castle |
| 28:47 | Hamtaro · first_building Castle |
| 30:51 | LORD of the Peasants · first_building Barracks |
| 31:12 | LORD of the Peasants · first_building Stable |
| 31:35 | LORD of the Peasants · first_building Siege Workshop |
| 31:57 | Reis_Magos · first_market_buy 100 stone |
| 32:02 | Reis_Magos · first_building Castle |
| 32:12 | Reis_Magos · first_building Barracks |
| 32:17 | LORD of the Peasants · first_building Castle |
| 32:47 | The Walrus · age_up imperial |
| 33:12 | LORD of the Peasants · wall_segment Palisade Wall x1 |
| 33:13 | LORD of the Peasants · wall_segment Palisade Wall x1 |
| 33:15 | LORD of the Peasants · wall_segment Palisade Wall x1 |
| 33:24 | LORD of the Peasants · wall_segment Palisade Wall x1 |
| 33:30 | LORD of the Peasants · wall_segment Palisade Wall x1 |
| 35:00 | Hamtaro · first_building Monastery |
| 36:00 | Hamtaro · first_market_sell 100 food |
| 36:17 | Reis_Magos · first_market_sell 500 wood |
| 37:55 | LORD of the Peasants · age_up imperial |
| 39:49 | Hamtaro · age_up imperial |
| 41:04 | The Walrus · wall_segment Palisade Wall x1 |
| 42:48 | Hamtaro · first_building Siege Workshop |
| 54:35 | LORD of the Peasants · first_market_sell 100 food |
| 55:38 | Reis_Magos · age_up imperial |
| 56:06 | Reis_Magos · first_building Archery Range |
| 56:17 | Hamtaro · first_building Stable |
| 57:10 | Hamtaro · resign |
[ ANÁLISIS IA · 1 CRÉDITO ]
¿Qué pasó realmente en esta partida?
Wolo.gg analiza cada decisión: build order, eco, micro, errores típicos por bracket. Análisis personalizado por WhatsApp o Discord en 30 segundos.
Guía civ
Francos
Guía mapa
Migration
Perfil
LORD of the Peasants